Map: Acropolis LE

Players

Neeb - Winner!

  • Race: Protoss Protoss
  • Spawn Location: 5:00

ShaDoWn

  • Race: Protoss Protoss
  • Spawn Location: 11:00

VOD

Have the link to the VOD?

Description

Time

  • Played on: Sept. 6, 2019, 8:09 p.m.
  • Length: 11:20
Show
View Real Time Build Order
Export as new Build Order

Neeb Protoss - Winner!

Build Orders:  

Get SALT Encoding   

  12  0:00  Probe  
  13  0:12  Probe  
  14  0:17  Pylon  
  14  0:24  Probe  
  15  0:32  Probe  
  15  0:38  Gateway  
  15  0:40  Probe  
  16  0:45  Assimilator  
  17  0:51  Probe  
  17  0:54  Assimilator  
  18  1:00  Probe  
  19  1:07  Gateway  
  19  1:08  Probe  
  19  1:17  Probe  
  21  1:27  Cybernetics Core  
  21  1:29  Probe  
  22  1:36  Pylon  
  22  1:41  Probe  
  22  1:45  Pylon  
  23  1:54  Probe  
  24  2:03  Stargate  
  24  2:09  Adept  
  24  2:10  Adept  
  24  2:14  Probe  
  29  2:18  Warp Gate  
  29  2:38  Stalker  
  29  2:40  Stalker  
  33  2:53  Robotics Facility  
  33  2:56  Pylon  
  33  3:17  Nexus  
  33  3:19  Sentry x2  
  37  3:21  Probe  
  38  3:30  Pylon  
  38  3:33  Probe  
  39  3:46  Immortal  
  39  3:48  Probe  
  43  4:00  Probe  
  44  4:06  Adept  
  45  4:11  Pylon  
  42  4:19  Warp Prism  
  42  4:23  Pylon  
  42  4:29  Probe  
  45  4:32  Probe  
  46  4:40  Probe  
  46  4:41  Probe, Sentry  
  50  4:46  Sentry  
  50  4:50  Probe  
  53  4:53  Probe  
  54  5:03  Immortal, Probe  
  54  5:05  Probe  
  60  5:15  Probe  
  60  5:17  Probe  
  59  5:27  Probe  
  60  5:30  Probe  
  60  5:32  Twilight Council  
  61  5:36  Immortal  
  61  5:39  Probe  
  66  5:47  Pylon  
  66  5:49  Assimilator  
  66  5:59  Probe  
  66  6:00  Probe  
  68  6:06  Assimilator  
  68  6:08  Gateway x2  
  68  6:11  Stalker x2  
  66  6:19  Immortal  
  66  6:23  Resonating Glaives  
  70  6:31  Probe x2  
  72  6:36  Gateway x2  
  72  6:42  Pylon  
  68  7:03  Gateway  
  68  7:05  Gateway, Adept x2  
  72  7:10  Pylon  
  72  7:14  Adept x2  
  76  7:23  Pylon  
  76  7:26  Pylon  
  76  7:28  Pylon  
  76  7:32  Adept x2  
  76  7:35  Templar Archives  
  76  7:54  Adept x4  
  76  7:55  Adept x2  
  76  7:58  Adept  
  90  7:59  Adept  
  92  8:17  Adept  
  92  8:18  Adept x6  
  102  8:38  Adept  
  102  8:39  Adept x6  
  64  9:09  Adept x7  
  54  9:45  Adept x6  
  58  9:46  Immortal, Adept x2  
  56  10:06  High Templar  
  56  10:07  High Templar  
  60  10:12  Archon  
  60  10:13  High Templar x2  
  64  10:19  Archon  
  64  10:24  Adept x4  
  70  10:48  Adept  
  70  10:49  Adept x5  
  82  10:50  Adept x2  
  66  11:14  Adept x4  
  66  11:15  Adept x4  
Show
View Real Time Build Order
Export as new Build Order

ShaDoWn Protoss 

Build Orders: Zealot Archon 

Get SALT Encoding   

  12  0:00  Probe  
  13  0:12  Probe  
  14  0:17  Pylon  
  14  0:24  Probe  
  15  0:32  Probe  
  15  0:37  Gateway  
  15  0:40  Probe  
  16  0:46  Assimilator  
  17  0:51  Probe  
  17  0:54  Assimilator  
  18  0:59  Probe  
  19  1:07  Gateway, Probe  
  19  1:17  Probe  
  20  1:24  Cybernetics Core  
  21  1:29  Probe  
  21  1:32  Pylon  
  22  1:41  Probe  
  23  1:53  Warp Gate, Probe  
  24  2:00  Stalker x2  
  28  2:06  Pylon  
  28  2:30  Stalker x2  
  28  2:36  Pylon  
  32  2:40  Probe  
  33  2:58  Nexus  
  33  3:06  Probe  
  33  3:11  Shield Battery  
  34  3:18  Pylon, Probe  
  35  3:27  Robotics Facility  
  35  3:30  Probe  
  36  3:40  Adept  
  36  3:41  Adept  
  40  3:42  Probe  
  41  3:54  Probe  
  42  4:01  Immortal  
  42  4:06  Probe  
  43  4:12  Probe  
  44  4:18  Probe, Sentry x2  
  47  4:24  Probe  
  47  4:30  Probe  
  49  4:32  Immortal  
  49  4:36  Probe  
  50  4:42  Probe  
  55  4:48  Adept x2  
  55  4:49  Probe  
  60  4:53  Shield Battery  
  60  4:57  Probe  
  60  5:02  Warp Prism, Probe  
  61  5:09  Probe  
  64  5:14  Probe  
  64  5:21  Probe  
  64  5:27  Probe  
  63  5:29  Assimilator  
  63  5:30  Shield Battery, Sentry, Assimilator  
  63  5:33  Forge  
  65  5:36  Probe  
  65  5:38  Observer  
  65  5:39  Probe  
  68  5:45  Pylon  
  68  5:48  Twilight Council, Probe  
  69  5:51  Probe  
  70  5:57  Pylon x2  
  70  6:05  Protoss Ground Weapons Level 1  
  70  6:10  Pylon  
  70  6:20  Zealot, Stalker  
  74  6:30  Charge  
  74  6:36  Templar Archives  
  74  6:39  Gateway  
  72  6:40  Probe  
  72  6:44  Zealot x2  
  72  6:45  Probe  
  73  6:49  Gateway  
  73  6:50  Gateway  
  73  6:53  Probe  
  70  6:57  Probe  
  69  7:04  Zealot x2  
  69  7:05  Probe  
  74  7:09  Probe  
  73  7:16  Immortal, Robotics Bay  
  73  7:29  Gateway  
  73  7:30  Gateway, Sentry x2  
  73  7:32  Gateway  
  73  7:33  Shield Battery  
  77  7:49  Zealot, High Templar x2  
  83  7:51  Disruptor  
  83  7:53  Archon  
  81  8:01  Shield Battery  
  81  8:02  Shield Battery  
  84  8:07  Zealot x2  
  88  8:18  Disruptor  
  88  8:19  Zealot  
  90  8:29  Pylon  
  90  8:30  Zealot x3  
  82  8:38  Zealot x5  
  86  8:47  Zealot x3  
  45  9:05  Zealot x5  
  50  9:18  Zealot x3  
  46  9:25  High Templar x3  
  50  9:32  Archon  
  50  9:36  High Templar  
  43  9:45  High Templar  
  43  9:48  Archon  
  41  10:08  Zealot, High Templar  
  41  10:09  Zealot  
  47  10:21  Zealot, Archon  
  49  10:48  Zealot x2  
  49  10:49  Sentry  
Tags
 
Composition
Zealot Archon
Matchup
PvP
Spawn Locations
Cross Positions
Add a new tag
Caveats
  • Supply blocks, unpowered buildings, or Contaminate may cause inaccurate times.
  • Supply counts are checked every 10 seconds.